 Dungeon Crawl Stone Soup version 0.22-a0-136-g83a10e5 (webtiles) character file.

219 Lathuz the Magician (level 5, -1/28 HPs)
             Began as a Deep Elf Fire Elementalist on Feb 2, 2018.
             Killed from afar by Sigmund (11 damage)
             ... with a puff of flame
             ... on level 3 of the Dungeon.
             The game lasted 00:07:56 (3663 turns).

Lathuz the Magician (Deep Elf Fire Elementalist)    Turns: 3663, Time: 00:07:56

Health: -1/28      AC:  2    Str:  5    XL:     5   Next: 63%
Magic:  1/14       EV: 12    Int: 21    God:
Gold:   97         SH:  3    Dex: 15    Spells: 3/13 levels left

rFire    . . .     SeeInvis .   m - +4 dagger
rCold    . . .     Gourm    .   t - +0 buckler
rNeg     . . .     Faith    .   a - +0 robe
rPois    .         Spirit   .   (no helmet)
rElec    .         Reflect  .   (no cloak)
rCorr    .         Harm     .   (no gloves)
MR       .....                  (no boots)
Stlth    ++........             (no amulet)
HPRegen  0.09/turn              (no ring)
MPRegen  0.14/turn              (no ring)

@: no status effects
A: no striking features
a: no special abilities


You were on level 3 of the Dungeon.
You were not hungry.

You visited 1 branch of the dungeon, and saw 3 of its levels.

You collected 97 gold pieces.

Inventory:

Hand Weapons
 m - a +4 dagger (weapon)
Missiles
 k - 110 stones (quivered)
Armour
 a - a +0 robe (worn)
 t - a +0 buckler (worn)
Jewellery
 i - an uncursed amulet of harm {unknown}
 r - an uncursed amulet of rage {unknown}
 w - an uncursed amulet of guardian spirit {unknown}
Wands
 j - a wand of enslavement (7)
 z - a wand of paralysis (16)
Scrolls
 d - a scroll of remove curse {unknown}
 e - 7 scrolls of identify {unknown}
 h - a scroll of immolation {unknown}
 s - 2 scrolls of teleportation {unknown}
 u - a scroll of enchant armour {unknown}
 y - a scroll of blinking {unknown}
Potions
 f - a potion of magic {unknown}
 g - a potion of brilliance {unknown}
 l - a potion of mutation {unknown}
 n - a potion of cancellation {unknown}
 o - 2 potions of lignification {unknown}
 p - 2 potions of ambrosia {unknown}
 q - 2 potions of curing {unknown}
 v - a potion of berserk rage {unknown}
Books
 b - a book of Flames

   Spells                             Type                      Level
   a - Flame Tongue                   Conjuration/Fire             1
   b - Throw Flame                    Conjuration/Fire             2
   c - Conjure Flame                  Conjuration/Fire             3
   d - Inner Flame                    Hexes/Fire                   3
   e - Sticky Flame                   Conjuration/Fire             4
   f - Fireball                       Conjuration/Fire             5
Comestibles
 c - 10 rations
 x - 2 chunks of flesh


   Skills:
 - Level 2.4 Dodging
 - Level 2.4 Stealth
 + Level 4.7 Spellcasting
 * Level 4.4 Conjurations
 + Level 4.4 Fire Magic


You had 3 spell levels left.
You knew the following spells:

 Your Spells              Type           Power        Failure   Level  Hunger
a - Flame Tongue          Conj/Fire      ###..        3%          1    None
b - Throw Flame           Conj/Fire      ###...       4%          2    #......
c - Conjure Flame         Conj/Fire      ###.....     9%          3    ##.....
d - Sticky Flame          Conj/Fire      ###.....     28%         4    ####...


Dungeon Overview and Level Annotations

Branches:
Dungeon (3/15)

Altars:
Ashenzari
Makhleb

Annotations:
D:3 Sigmund


Message History

Confirm with . or Enter, or press ? or * to list all spells.
Aiming: Flame Tongue (safe; 3% risk of failure)
Press: ? - help, Shift-Dir - straight line, f/p - Terence
Aim: Terence, wielding a hand axe and wearing a chain mail (almost dead)
The flame tongue hits Terence.
Terence appears unharmed.
Terence is almost dead.
Terence hits you with a hand axe.
You hit Terence but do no damage.
Terence is almost dead.
Terence hits you with a hand axe. Sigmund barely misses you.
You hit Terence.
You kill Terence!
Things that are here:
a hand axe; a chain mail; the human corpse of Terence Sigmund casts a spell.
Sigmund flickers and vanishes!
Deactivating autopickup; reactivate with Ctrl-A.
A puff of flame appears from out of thin air!
The puff of flame hits you!
You die...

#..........# #.#
#........ #..........#
### #.......#
######.#########
##......## #.# #.....#
####..#####.. #.# #.....#
#....## ###.# #.#
#.....###.#######...#
#.###.........##.[....##.
#..####.####..)..........
##.#....@.....#########..
#.#.##(#####.# #..
#...##.# #.# ##. #####..#
#{# ## #.######.# #
######........#
.......<####### .......##
.......# ###


There were no monsters in sight!

Vanquished Creatures
  Jessica (D:3)
  Ijyb (D:3)
  Terence (D:3)
  A worker ant zombie (D:3)
  4 adders
  An ooze (D:3)
  A worm (D:3)
  4 dart slugs
  A leopard gecko (D:3)
  An orc (D:3)
  3 ball pythons
  3 giant cockroaches (D:3)
  11 goblins
  6 hobgoblins
  8 jackals
  A quokka (D:3)
  11 bats
  2 frilled lizards
  14 kobolds
  2 rats (D:1)
77 creatures vanquished.

Notes
Turn   | Place    | Note
-------+----------+-------------------------------------------
     0 | D:1      | Lathuz the Deep Elf Fire Elementalist began the quest for the Orb.
     0 | D:1      | Reached XP level 1. HP: 10/10 MP: 6/6
   322 | D:1      | Reached XP level 2. HP: 15/15 MP: 5/8
   651 | D:1      | Learned a level 2 spell: Throw Flame
   940 | D:1      | Reached XP level 3. HP: 19/19 MP: 7/10
  1433 | D:2      | Found a shattered altar of Ashenzari.
  2306 | D:2      | Reached XP level 4. HP: 18/24 MP: 6/11
  2383 | D:2      | Learned a level 3 spell: Conjure Flame
  2388 | D:2      | Learned a level 4 spell: Sticky Flame
  2420 | D:2      | Found a burning altar of Makhleb.
  2420 | D:2      | Noticed an Executioner
  3045 | D:3      | Noticed Ijyb
  3058 | D:3      | Killed Ijyb
  3226 | D:3      | Noticed Jessica
  3227 | D:3      | Killed Jessica
  3227 | D:3      | Reached XP level 5. HP: 28/28 MP: 6/13
  3605 | D:3      | Noticed Terence
  3648 | D:3      | Noticed Sigmund
  3655 | D:3      | Killed Terence
  3663 | D:3      | Killed from afar by Sigmund

Vault maps used:
D:1:      shiori_arrival_oz
D:2:      evilmike_ruin_ashenzari, first_ration, makhleb_altar_promises_db
D:3:      uniq_jessica, uniq_sigmund, uniq_terence, uniq_ijyb

Skill      XL: |  1  2  3  4 |
---------------+-------------+-----
Conjurations   | 2 3 4 |  4.4
Spellcasting   | 4 |  4.7
Fire Magic     | 4 |  4.4
Dodging        | |  2.4
Stealth        | |  2.4

Action                   |  1- 3 |  4- 6 || total
-------------------------+-------+-------++-------
Melee: Dagger            |       |     5 ||     5
 Cast: Flame Tongue      |    53 |    29 ||    82
       Throw Flame       |    24 |    36 ||    60
       Sticky Flame      |       |     1 ||     1
  Eat: Chunk             |     5 |     5 ||    10
Armor: Robe              |     6 |       ||     6
Dodge: Dodged            |    16 |    18 ||    34
Block: Shield            |     4 |       ||     4
       Buckler           |     1 |     2 ||     3

Table legend:
 A = Spawn XP
 B = Non-spawn XP
 C = Spawn XP percentage of total XP
 D = Spawn monster count
 E = Non-spawn monster count
 F = Spawn count percentage of total count
 G = Total turns spent on level
                    A         B        C        D         E        F      G
               +---------+---------+-------+---------+---------+-------+---------
         Total |       0 |     313 |   0.0 |       0 |      77 |   0.0 |  3663
               +---------+---------+-------+---------+---------+-------+---------
           D:1 |       0 |      46 |   0.0 |       0 |      28 |   0.0 |  1413
           D:2 |       0 |      65 |   0.0 |       0 |      20 |   0.0 |  1191
           D:3 |       0 |     202 |   0.0 |       0 |      29 |   0.0 |  1059
               +---------+---------+-------+---------+---------+-------+---------
